 Dungeon Crawl Stone Soup version 0.30-a0-924-g0ad0bf95bc (webtiles) character file.

Game seed: 14282222147398850945

78 cforsyth the Cudgeller (level 4, -1/35 HPs)
             Began as a Human Fighter on Mar 22, 2023.
             Slain by Natasha (2 damage)
             ... on level 2 of the Dungeon.
             The game lasted 00:01:53 (1007 turns).

cforsyth the Cudgeller (Human Fighter)              Turns: 1007, Time: 00:01:54

Health: -1/35      AC:  6    Str: 25    XL:     4   Next: 61%
Magic:  4/4        EV:  9    Int:  8    God:
Gold:   45         SH:  4    Dex: 12    Spells: 3/3 levels left

rFire   . . .      SeeInvis .    a - +0 flail
rCold   . . .      Faith    .    c - +0 buckler
rNeg    . . .      Spirit   .    b - +0 scale mail
rPois   .          Reflect  .    (no helmet)
rElec   .          Rampage  .    (no cloak)
rCorr   .                        (no gloves)
Will    .....                    (no boots) Stlth
                                 (no amulet)
HPRegen 0.25/turn                h - +6 ring of strength
MPRegen 0.09/turn                (no ring)

@: no status effects
A: no striking features
a: no special abilities


You were on level 2 of the Dungeon.
You visited 1 branch of the dungeon, and saw 2 of its levels.

You collected 45 gold pieces.

Inventory:

Hand Weapons
 a - a +0 flail (weapon)
Armour
 b - a +0 scale mail (worn)
 c - a +0 buckler (worn)
Jewellery
 h - a +6 ring of strength (left hand)
Scrolls
 e - 2 scrolls of fog {unknown}
 f - 2 scrolls of teleportation {unknown}
 g - 3 scrolls of poison {unknown}
 j - a scroll of fear {unknown}
Potions
 i - a potion of cancellation {unknown}
 k - a potion of ambrosia {unknown}


   Skills:
 - Level 3.2 Fighting
 + Level 4.0 Maces & Flails
 - Level 3.2 Armour
 - Level 3.2 Shields


You had 3 spell levels left.
You didn't know any spells.
Your spell library contained the following spells:

 Spells                   Type           Power      Damage    Failure   Level
 Kiss of Death            Conj/Necr      0%         2d5       80%         1
 Confusing Touch          Hex            0%         N/A       99%         3
 Dispel Undead            Necr           0%         3d6       100%        4


Dungeon Overview and Level Annotations

Branches:
Dungeon (2/15)

Altars:

Annotations:
D:2 Natasha


Message History

Natasha casts a spell.
Natasha mumbles some strange words.
You hit the crimson imp.
The crimson imp is moderately wounded.
The crimson imp hits you but does no damage.
You miss the crimson imp.
The crimson imp is moderately wounded.
The crimson imp hits you.
The iron imp shouts, "Slither home, thou errant clay-brained apple-john!"
You miss the crimson imp.
The crimson imp is lightly wounded.
The crimson imp hits you but does no damage.
Natasha claws you.
You miss the crimson imp.
The crimson imp is lightly wounded.
The crimson imp closely misses you.
Natasha casts a spell.
You block Natasha's attack.
The crimson imp shouts, "Slither away, thou horrid fen-sucked boar-pig!"
The crimson imp hits you.
You closely miss Natasha.
The crimson imp shouts, "Return whence thou came, thou foppish mumble-news snaffler!"
The crimson imp barely misses you. Natasha claws you.
You closely miss Natasha. You block Natasha's attack.
The crimson imp hits you but does no damage.
The iron imp hits you.
You barely miss Natasha. Natasha barely misses you. The crimson imp hits you.
The iron imp hits you but does no damage.
You closely miss Natasha.
The crimson imp blinks!
The iron imp closely misses you. Natasha claws you.
The iron imp hits you but does no damage.
You barely miss Natasha. Natasha claws you.
* * * LOW HITPOINT WARNING * * *
The crimson imp blinks!
The iron imp hits you.
* * * LOW HITPOINT WARNING * * *
Natasha closely misses you. The iron imp hits you!
* * * LOW HITPOINT WARNING * * *
The iron imp hits you but does no damage.
You closely miss Natasha. Natasha claws you.
You die...

#........ #........
#........ #... #....5...
#...# ##........ #...##
###......... #....##
#..5.h....§. #.....#
#.##@5......
#...#.###.##........
#.#.................
#.#.#.......†......# #
#......#...........#
#####.##...##....#######
...##.###.....##.#
##....................#
##...................#


You could see 2 iron imps, Natasha and a crimson imp (summoned).

Vanquished Creatures
  Terence (D:2)
  An adder (D:2)
  3 dart slugs
  An endoplasm (D:1)
  A giant cockroach (D:2)
  A goblin (D:1)
  3 hobgoblins (D:1)
  7 jackals
  2 quokkas (D:1)
  3 ball pythons
  6 bats
  A frilled lizard (D:1)
  2 kobolds
  6 rats
38 creatures vanquished.

Notes
Turn   | Place    | Note
-------+----------+-------------------------------------------
     0 | D:1      | cforsyth the Human Fighter began the quest for the Orb.
     0 | D:1      | Reached XP level 1. HP: 18/18 MP: 1/1
    53 | D:1      | Reached XP level 2. HP: 24/24 MP: 2/2
   239 | D:1      | Reached XP level 3. HP: 21/27 MP: 3/3
   274 | D:1      | Found a faded altar of an unknown god.
   639 | D:2      | Reached skill level 3 in Maces & Flails
   675 | D:2      | Noticed Terence
   701 | D:2      | Killed Terence
   702 | D:2      | Reached XP level 4. HP: 10/35 MP: 4/4
   995 | D:2      | Reached skill level 4 in Maces & Flails
   995 | D:2      | Noticed Natasha
  1006 | D:2      | HP: 1/35 [iron imp[Natasha] (7)]
  1007 | D:2      | Slain by Natasha

Illustrated notes

Levels and vault maps discovered:
D:1:      moated_graveyard_arrival, layout_loops_ring,
          ebering_ecumenical_altar_hall
D:2:      layout_rooms, serial_shops, shop, uniq_natasha, uniq_terence

Skill      XL: |  1  2  3  4 |
---------------+-------------+-----
Maces & Flails | 3 4 |  4.0
Fighting       | |  3.2
Armour         | |  3.2
Shields        | |  3.2

Action                     |  1- 3 |  4- 6 || total
---------------------------+-------+-------++-------
  Melee: Flail             |    78 |    26 ||   104
    Use: Potion            |     1 |       ||     1
 Armour: Scale mail        |    38 |    13 ||    51
  Dodge: Dodged            |    40 |    12 ||    52
  Block: Buckler           |    20 |     6 ||    26

Table legend: (Time is in decaauts)
 A = Elapsed time spent in this place.
 B = Non-inter-level travel time spent in this place.
 C = Inter-level travel time spent in this place.
 D = Time resting spent in this place.
 E = Time spent auto-exploring this place.
 F = Levels seen in this place.
 G = Mean time per level.
                   A        B        C        D        E       F      G
               +--------+--------+--------+--------+--------+-----+--------+
         Total |   1037 |   1030 |      7 |      0 |    781 |   2 |  518.5 |
       Dungeon |   1037 |   1030 |      7 |      0 |    781 |   2 |  518.5 |
               +--------+--------+--------+--------+--------+-----+--------+

Top non-repeatable levels by time:
     D:1: 613 daAuts
     D:2: 423 daAuts
